3AAA
GRYFINDOR BRAVES @ SIOUX FALLS RED PANDAS
05/27/2034
 
TOP OF THE 1ST
Gryfindor Braves batting - Pitching for Sioux Falls Red Pandas : RHP Vincente Ortíz
Pitching: RHP Vincente Ortíz
Batting: LHB José Cuervo 0-0: Fly out, F9 (Line Drive, 9)
Batting: SHB Adrián Zamudio 0-0: Called Strike
0-1: Foul Ball, location: 2F
0-2: Foul Ball, location: 2F
0-2: Ball
1-2: Ball
2-2: Ball
3-2: Foul Ball, location: 2F
3-2: Foul Ball, location: 2F
3-2: Base on Balls
Batting: RHB Akke Derksen 0-0: Ball
1-0: Ball
2-0: Called Strike
2-1: Ball
3-1: SINGLE (Groundball, 6MS) (infield hit)
Adrián Zamudio to second
Batting: LHB Austin Hathaway 0-0: Ball
1-0: Swinging Strike
1-1: Foul Ball, location: 2F
1-2: Foul Ball, location: 2F
1-2: Ground out 4-3 (Groundball, 34D)
Adrián Zamudio to third
Akke Derksen to second
Batting: RHB Randy Rehling 0-0: Foul Ball, location: 2F
0-1: Ball
1-1: Foul Ball, location: 2F
1-2: Ball
2-2: Fly out, F9 (Line Drive, 9LS)
Top of the 1st over - 0 runs, 1 hit, 0 errors, 2 left on base; Gryfindor 0 - Sioux Falls 0
BOTTOM OF THE 1ST
Sioux Falls Red Pandas batting - Pitching for Gryfindor Braves : LHP Jorge Cedeño
Pitching: LHP Jorge Cedeño
Batting: SHB Kilipaki Malamapono 0-0: Foul Ball, location: 2F
0-1: Ball
1-1: Fly out, F8 (Flyball, 8RM)
Batting: RHB Wilfred McLaughlin 0-0: Ball
1-0: Called Strike
1-1: Ball
2-1: Foul Ball, location: 2F
2-2: Strikes out swinging
Batting: RHB Gary Chalmers 0-0: Ball
1-0: Ball
2-0: Called Strike
2-1: Ball
3-1: Ground out 5-3 (Groundball, 5L)
Bottom of the 1st over - 0 runs, 0 hits, 0 errors, 0 left on base; Gryfindor 0 - Sioux Falls 0
TOP OF THE 2ND
Gryfindor Braves batting - Pitching for Sioux Falls Red Pandas : RHP Vincente Ortíz
Batting: LHB Carroll Martin 0-0: SINGLE (Groundball, 34D)
Batting: RHB Javier López 0-0: SINGLE (Groundball, 56S) (infield hit)
Carroll Martin to second
Batting: RHB Bob Petiet 0-0: Ball
1-0: Ball
2-0: Called Strike
2-1: Swinging Strike
2-2: Ball
3-2: Base on Balls
Carroll Martin to third
Javier López to second
Batting: LHB Tyler Knopp 0-0: Called Strike
0-1: Ball
1-1: Called Strike
1-2: Ball
2-2: Strikes out swinging
Batting: LHB José Cuervo 0-0: Ball
1-0: Foul Ball, location: 2F
1-1: Ball
2-1: SINGLE (Groundball, 34D)
Carroll Martin scores
Javier López to third
Bob Petiet to second
Batting: SHB Adrián Zamudio 0-0: Swinging Strike
0-1: Foul Ball, location: 2F
0-2: Ball
1-2: Foul Ball, location: 2F
1-2: Fly out, F5 (Popup, 15S)
Batting: RHB Akke Derksen 0-0: Called Strike
0-1: Ball
1-1: Foul Ball, location: 2F
1-2: Ball
2-2: Foul Ball, location: 2F
2-2: Ball
3-2: DOUBLE (Line Drive, 8LD)
Javier López scores
Bob Petiet scores
José Cuervo to third
José Cuervo scores
Pitching: RHP Víctor García
Batting: LHB Austin Hathaway 0-0: Fly out, F8 (Flyball, 8LD)
Top of the 2nd over - 4 runs, 4 hits, 0 errors, 1 left on base; Gryfindor 4 - Sioux Falls 0
BOTTOM OF THE 2ND
Sioux Falls Red Pandas batting - Pitching for Gryfindor Braves : LHP Jorge Cedeño
Batting: LHB Richello Mabait 0-0: Swinging Strike
0-1: Ball
1-1: Ball
2-1: Fly out, F8 (Flyball, 8RXD)
Batting: RHB Steve Irwin 0-0: Called Strike
0-1: Called Strike
0-2: Foul Ball, location: 2F
0-2: Ball
1-2: Strikes out looking
Batting: SHB Jeffery Simpson 0-0: Called Strike
0-1: Ball
1-1: DOUBLE (Flyball, 89D)
Batting: LHB Jorge Vélez 0-0: Called Strike
0-1: Swinging Strike
0-2: Ball
1-2: Ground out U3 (Groundball, 3S)
Bottom of the 2nd over - 0 runs, 1 hit, 0 errors, 1 left on base; Gryfindor 4 - Sioux Falls 0
TOP OF THE 3RD
Gryfindor Braves batting - Pitching for Sioux Falls Red Pandas : RHP Víctor García
Batting: RHB Randy Rehling 0-0: Ball
1-0: Ball
2-0: Called Strike
2-1: Swinging Strike
2-2: SINGLE (Line Drive, 4MD)
Batting: LHB Carroll Martin 0-0: Ball
1-0: Ball
2-0: Ball
3-0: Called Strike
3-1: Foul Ball, location: 2F
3-2: Foul Ball, location: 2F
3-2: Fly out, F9 (Flyball, 89M)
Batting: RHB Javier López 0-0: Ball
1-0: Swinging Strike
1-1: Swinging Strike
1-2: Ball
2-2: Ball
3-2: Foul Ball, location: 2F
3-2: Foul Ball, location: 2F
3-2: Base on Balls
Randy Rehling to second
Batting: RHB Bob Petiet 0-0: Called Strike
0-1: Ball
1-1: Grounds into double play, 6-4-3 (Groundball, 6)
Top of the 3rd over - 0 runs, 1 hit, 0 errors, 1 left on base; Gryfindor 4 - Sioux Falls 0
BOTTOM OF THE 3RD
Sioux Falls Red Pandas batting - Pitching for Gryfindor Braves : LHP Jorge Cedeño
Batting: LHB Tim Waters 0-0: Called Strike
0-1: Ball
1-1: Foul Ball, location: 2F
1-2: Ball
2-2: Ground out U3 (Groundball, 3)
Batting: LHB Mark Armstead 0-0: Ball
1-0: Foul Ball, location: 2F
1-1: Foul Ball, location: 2F
1-2: Ground out 4-3 (Groundball, 4)
Batting: SHB Kilipaki Malamapono 0-0: Ball
1-0: Foul Ball, location: 2F
1-1: Ball
2-1: Called Strike
2-2: Strikes out swinging
Bottom of the 3rd over - 0 runs, 0 hits, 0 errors, 0 left on base; Gryfindor 4 - Sioux Falls 0
TOP OF THE 4TH
Gryfindor Braves batting - Pitching for Sioux Falls Red Pandas : RHP Víctor García
Batting: LHB Tyler Knopp 0-0: Ball
1-0: SOLO HOME RUN (Flyball, 9LD), Distance : 351 ft
Batting: LHB José Cuervo 0-0: Ball
1-0: Ball
2-0: Foul Ball, location: 2F
2-1: Swinging Strike
2-2: Strikes out swinging, 2-3 out at first.
Batting: SHB Adrián Zamudio 0-0: Swinging Strike
0-1: Ground out 4-3 (Groundball, 4)
Batting: RHB Akke Derksen 0-0: Called Strike
0-1: Called Strike
0-2: Ball
1-2: Foul Ball, location: 2F
1-2: Strikes out swinging
Top of the 4th over - 1 run, 1 hit, 0 errors, 0 left on base; Gryfindor 5 - Sioux Falls 0
BOTTOM OF THE 4TH
Sioux Falls Red Pandas batting - Pitching for Gryfindor Braves : LHP Jorge Cedeño
Batting: RHB Wilfred McLaughlin 0-0: Called Strike
0-1: Swinging Strike
0-2: Foul Ball, location: 2F
0-2: Ball
1-2: Strikes out swinging
Batting: RHB Gary Chalmers 0-0: Ball
1-0: Foul Ball, location: 2F
1-1: Ground out 4-3 (Groundball, 4)
Batting: LHB Richello Mabait 0-0: Fly out, F9 (Flyball, 9LS)
Bottom of the 4th over - 0 runs, 0 hits, 0 errors, 0 left on base; Gryfindor 5 - Sioux Falls 0
TOP OF THE 5TH
Gryfindor Braves batting - Pitching for Sioux Falls Red Pandas : RHP Víctor García
Batting: LHB Austin Hathaway 0-0: Called Strike
0-1: Called Strike
0-2: Foul Ball, location: 2F
0-2: Fly out, F9 (Flyball, 89D)
Batting: RHB Randy Rehling 0-0: Swinging Strike
0-1: Ball
1-1: Ball
2-1: Foul Ball, location: 2F
2-2: Strikes out swinging
Batting: LHB Carroll Martin 0-0: Ball
1-0: Swinging Strike
1-1: Called Strike
1-2: Foul Ball, location: 2F
1-2: Foul Ball, location: 2F
1-2: Ball
2-2: SINGLE (Line Drive, 34D)
Batting: RHB Javier López 0-0: Ball
1-0: Called Strike
1-1: Called Strike
1-2: Ball
2-2: Foul Ball, location: 2F
2-2: Fly out, F7 (Flyball, 78D)
Top of the 5th over - 0 runs, 1 hit, 0 errors, 1 left on base; Gryfindor 5 - Sioux Falls 0
BOTTOM OF THE 5TH
Sioux Falls Red Pandas batting - Pitching for Gryfindor Braves : LHP Jorge Cedeño
Batting: RHB Steve Irwin 0-0: Ball
1-0: Ball
2-0: Ball
3-0: Base on Balls
Batting: SHB Jeffery Simpson 0-0: Foul Ball, location: 2F
0-1: Foul Ball, location: 2F
0-2: Ball
1-2: Ball
2-2: Fly out, F7 (Flyball, 78S)
Batting: LHB Jorge Vélez 0-0: Ground out U3 (Groundball, 34)
Steve Irwin to second
Batting: LHB Tim Waters 0-0: Ball
1-0: Ball
2-0: Called Strike
2-1: Foul Ball, location: 2F
2-2: Foul Ball, location: 2F
2-2: Fly out, F6 (Popup, 6M)
Bottom of the 5th over - 0 runs, 0 hits, 0 errors, 1 left on base; Gryfindor 5 - Sioux Falls 0
TOP OF THE 6TH
Gryfindor Braves batting - Pitching for Sioux Falls Red Pandas : RHP Víctor García
Batting: RHB Bob Petiet 0-0: Called Strike
0-1: Ball
1-1: Foul Ball, location: 2F
1-2: Ball
2-2: Strikes out swinging
Batting: LHB Tyler Knopp 0-0: Ball
1-0: Called Strike
1-1: Ball
2-1: Fly out, F8 (Flyball, 78D)
Pitching: RHP Martín García
Batting: LHB José Cuervo 0-0: Fly out, F6 (Popup, P)
Top of the 6th over - 0 runs, 0 hits, 0 errors, 0 left on base; Gryfindor 5 - Sioux Falls 0
BOTTOM OF THE 6TH
Sioux Falls Red Pandas batting - Pitching for Gryfindor Braves : LHP Jorge Cedeño
Batting: LHB Mark Armstead 0-0: Called Strike
0-1: Ground out 4-3 (Groundball, 4)
Batting: SHB Kilipaki Malamapono 0-0: Called Strike
0-1: Ball
1-1: Swinging Strike
1-2: Ball
2-2: Strikes out swinging, 2-3 out at first.
Batting: RHB Wilfred McLaughlin 0-0: Called Strike
0-1: Ball
1-1: Swinging Strike
1-2: Ball
2-2: Foul Ball, location: 2F
2-2: Ball
3-2: Base on Balls
Batting: RHB Gary Chalmers 0-0: Ball
1-0: Ball
2-0: Swinging Strike
2-1: Foul Ball, location: 2F
2-2: Foul Ball, location: 2F
2-2: Ball
3-2: Strikes out swinging
Bottom of the 6th over - 0 runs, 0 hits, 0 errors, 1 left on base; Gryfindor 5 - Sioux Falls 0
TOP OF THE 7TH
Gryfindor Braves batting - Pitching for Sioux Falls Red Pandas : RHP Martín García
Batting: SHB Adrián Zamudio 0-0: Swinging Strike
0-1: Ball
1-1: Fly out, F7 (Flyball, 78M)
Batting: RHB Akke Derksen 0-0: Ball
1-0: Called Strike
1-1: Called Strike
1-2: Strikes out looking
Batting: LHB Austin Hathaway 0-0: Fly out, F9 (Flyball, 9D)
Top of the 7th over - 0 runs, 0 hits, 0 errors, 0 left on base; Gryfindor 5 - Sioux Falls 0
BOTTOM OF THE 7TH
Sioux Falls Red Pandas batting - Pitching for Gryfindor Braves : LHP Jorge Cedeño
Batting: LHB Richello Mabait 0-0: Called Strike
0-1: Ball
1-1: Fly out, F9 (Flyball, 9LMF)
Batting: RHB Steve Irwin 0-0: Foul Ball, location: 2F
0-1: Ball
1-1: Fly out, F9 (Flyball, 89M)
Batting: SHB Jeffery Simpson 0-0: Ball
1-0: Foul Ball, location: 2F
1-1: Swinging Strike
1-2: DOUBLE (Flyball, 7LD)
Batting: LHB Jorge Vélez 0-0: Called Strike
0-1: Swinging Strike
0-2: Foul Ball, location: 2F
0-2: Foul Ball, location: 2F
0-2: Ball
1-2: Fly out, F2 (Popup, 2RF)
Bottom of the 7th over - 0 runs, 1 hit, 0 errors, 1 left on base; Gryfindor 5 - Sioux Falls 0
TOP OF THE 8TH
Gryfindor Braves batting - Pitching for Sioux Falls Red Pandas : RHP Martín García
Batting: RHB Randy Rehling 0-0: Ball
1-0: Called Strike
1-1: Swinging Strike
1-2: Ball
2-2: Foul Ball, location: 2F
2-2: Strikes out swinging
Batting: LHB Carroll Martin 0-0: Ball
1-0: Foul Ball, location: 2F
1-1: Ground out 4-3 (Groundball, 4MD)
Batting: RHB Javier López 0-0: Ball
1-0: Ground out 5-3 (Groundball, 56S)
Top of the 8th over - 0 runs, 0 hits, 0 errors, 0 left on base; Gryfindor 5 - Sioux Falls 0
BOTTOM OF THE 8TH
Sioux Falls Red Pandas batting - Pitching for Gryfindor Braves : LHP Jorge Cedeño
Batting: LHB Tim Waters 0-0: Called Strike
0-1: Ball
1-1: Ball
2-1: Ball
3-1: Fly out, F5 (Popup, 5)
Pitching: RHP Carlos Villegas
Batting: LHB Mark Armstead 0-0: SINGLE (Groundball, 4D)
Batting: SHB Kilipaki Malamapono 0-0: Ball
1-0: Ball
2-0: Called Strike
2-1: Ball
3-1: Foul Ball, location: 2F
3-2: Fly out, F9 (Flyball, 9S)
Pitching: RHP Rodrigo Torres
Batting: RHB Wilfred McLaughlin 0-0: Foul Ball, location: 2F
0-1: Ball
1-1: Ball
2-1: Fly out, F8 (Flyball, 8RM)
Bottom of the 8th over - 0 runs, 1 hit, 0 errors, 1 left on base; Gryfindor 5 - Sioux Falls 0
TOP OF THE 9TH
Gryfindor Braves batting - Pitching for Sioux Falls Red Pandas : RHP Martín García
Batting: RHB Bob Petiet 0-0: Called Strike
0-1: Ball
1-1: Fly out, F9 (Flyball, 89M)
Batting: LHB Tyler Knopp 0-0: Swinging Strike
0-1: Ball
1-1: SINGLE (Groundball, 34D)
Batting: LHB José Cuervo 0-0: Ball
1-0: Swinging Strike
1-1: Ball
2-1: Ground out 3-1 (Groundball, 34S)
Tyler Knopp to second
Batting: SHB Adrián Zamudio 0-0: Called Strike
0-1: SINGLE (Groundball, 56D)
Tyler Knopp to third
Runner from 3rd tries for Home, SAFE, no throw
Batting: RHB Akke Derksen 0-0: Called Strike
0-1: DOUBLE (Line Drive, 9LM)
Adrián Zamudio to third
Batting: LHB Austin Hathaway 0-0: Ball
Wild Pitch!
Adrián Zamudio scores
Akke Derksen to third
1-0: Called Strike
1-1: Swinging Strike
1-2: Ground out 4-3 (Groundball, 4)
Top of the 9th over - 2 runs, 3 hits, 0 errors, 1 left on base; Gryfindor 7 - Sioux Falls 0
BOTTOM OF THE 9TH
Sioux Falls Red Pandas batting - Pitching for Gryfindor Braves : RHP Rodrigo Torres
Batting: RHB Gary Chalmers 0-0: Ball
1-0: Called Strike
1-1: Foul Ball, location: 2F
1-2: SINGLE (Groundball, 34D)
Batting: LHB Richello Mabait 0-0: Called Strike
0-1: Ball
1-1: Ball
2-1: SINGLE (Groundball, 34D)
Gary Chalmers to second
Batting: RHB Steve Irwin 0-0: Ball
1-0: Foul Ball, location: 2F
1-1: Foul Ball, location: 2F
1-2: Ball
2-2: Ball
3-2: Base on Balls
Gary Chalmers to third
Richello Mabait to second
Batting: SHB Jeffery Simpson 0-0: Ball
1-0: Ball
2-0: Foul Ball, location: 2F
2-1: Ball
3-1: DOUBLE (Line Drive, 7LS)
Gary Chalmers scores
Richello Mabait scores
Steve Irwin to third
Batting: LHB Jorge Vélez 0-0: Called Strike
0-1: Foul Ball, location: 2F
0-2: Foul Ball, location: 2F
0-2: Ground out 1-3 (Groundball, P)
Batting: LHB Tim Waters 0-0: Swinging Strike
0-1: Swinging Strike
0-2: Ball
1-2: Strikes out looking
Batting: LHB Mark Armstead 0-0: Ball
1-0: Ball
2-0: Ball
3-0: Base on Balls
Pitching: LHP Suezo Amano
Batting: SHB Kilipaki Malamapono 0-0: Ball
1-0: SINGLE (Groundball, 13S) (infield hit)
Steve Irwin scores
Jeffery Simpson to third
Mark Armstead to second
Batting: RHB Wilfred McLaughlin 0-0: Ground out 5-3 (Groundball, 56S)
Bottom of the 9th over - 3 runs, 4 hits, 0 errors, 3 left on base; Gryfindor 7 - Sioux Falls 3
Friday, March 29th, 2019 - OOTP Baseball 18.8 Build 76